[Event "Early-Titled-Tuesday-Blitz-November-28-2023"]
[Site "Chess.com"]
[Date "2023.11.28"]
[Round "6"]
[White "margarita_2703"]
[Black "Anton_Demchenko"]
[Result "1-0"]
[WhiteElo "2363"]
[BlackElo "2938"]
[TimeControl "180+1"]
[EndTime "9:14:40 PST"]
[Termination "margarita_2703 won by resignation"]

1. e4 e5 2. Nf3 Nc6 3. Bc4 Nf6 4. O-O Nxe4 5. Nc3 Nxc3 6. dxc3 f6 7. Nh4 Qe7 8. Qh5+ Kd8 9. Be3 d6 10. f4 Bd7 11. Rae1 Be8 12. Qf3 g6 13. Bd5 Bg7 14. Qg3 Kc8 15. f5 g5 16. Nf3 Bd7 17. Nd2 Qf8 18. Ne4 Ne7 19. Be6 Bxe6 20. fxe6 Qg8 21. Nxf6 Qxe6 22. Nh5 Rg8 23. Qxg5 Bh8 24. Qh4 Ng6 25.
Qf2 b6 26. Qf7 Re8 27. Bg5 Kb7 28. Qxe6 Rxe6 29. Rf7 Rg8 30. Be3 Re7 31. Ref1 Rge8 32. g3 e4 33. Kg2 Ne5 34. Rxe7 Rxe7 35. Bd4 Re8 36. Nf4 Ng4 37. Re1 c6 38. Bxh8 Rxh8 39.
Rxe4 d5 40. Re7+ Ka6 41. h3 Nf6 42. Re6 Ne4 43. Rxc6 Rd8 44. Re6 Nc5 45. Re2 d4 46.
cxd4 Rxd4 47. c3 Rd1 48. Kf2 Ra1 49. b3 Rc1 50. c4 Kb7 51. h4 h6 52. g4 Rh1 53.
Kg3 Rg1+ 54. Rg2 Rf1 55. g5 hxg5 56. hxg5 Ne4+ 57. Kg4 Nf2+ 58. Kf5 Nd3 59. Rg4 Nc5 60.
g6 Rd1 61. g7 Rd8 62. Kf6 Ka6 63. Ne6 Rd6 64. g8=Q Nxe6 65. Qxe6 Rxe6+ 66. Kxe6 Ka5 1-0

[Event "Early-Titled-Tuesday-Blitz-November-28-2023"]
[Site "Chess.com"]
[Date "2023.11.28"]
[Round "6"]
[White "Azerichess"]
[Black "vugarrasulov"]
[Result "1-0"]
[WhiteElo "3061"]
[BlackElo "2920"]
[TimeControl "180+1"]
[EndTime "9:14:43 PST"]
[Termination "Azerichess won by resignation"]

1. Nf3 Nf6 2. c4 e6 3. e3 d5 4. b3 g6 5. Bb2 Bg7 6. Nc3 O-O 7. d4 b6 8. Rc1 Bb7 9. cxd5 exd5 10. Be2 a6 11.
O-O Nbd7 12. Ne5 Re8 13. f4 c5 14. Kh1 Rc8 15. Bf3 cxd4 16. exd4 Ne4 17. Na4 b5 18.
Nc3 Ndf6 19. f5 b4 20. fxg6 hxg6 21. Nxe4 dxe4 22. Be2 a5 23. Rxc8 Bxc8 24. Bc4 Be6 25. Qe2 Qd6 26. Qe3 a4 27. h3 a3 28. Ba1 Re7 29.
Qg5 Nd5 30. Qh4 e3 31. Re1 Rc7 32. Qe4 Re7 33. Qf3 Bxe5 34. dxe5 Qc5 35. Qe4 Nc3 36. Bxc3 bxc3 37. Qxe3 Qxe3 38. Rxe3 Bxc4 39. bxc4 c2 40. Rc3 Rxe5 41. Rxc2 Kf8 42. Kg1 Ke7 43. Kf2 Kd6 44. Rc3 Kc5 45. Rxa3 Kxc4 46. Re3 Ra5 47. a3 Kd4 48. Ke2 Rb5 49. Rd3+ Ke4 50. Re3+ Kd4 51. Rf3 Rb2+ 52. Kf1 f5 53. Rg3 Rb1+ 54. Kf2 Rb2+ 55. Kg1 Ra2 56. Rxg6 Rxa3 57. Re6 f4 58. Kf2 Rb3 59.
h4 Rg3 60. h5 Rg5 61. h6 Kd5 62. Ra6 Rg8 63. Kf3 Ke5 64. Ra4 Rg3+ 65. Kf2 Rg6 66.
Ra5+ Ke4 67. Rh5 Rg8 68. h7 Rh8 69. Ke2 f3+ 70. gxf3+ Kf4 71. Kf2 Rd8 72. Rh4+ Kg5 73. h8=Q 1-0

[Event "Early-Titled-Tuesday-Blitz-November-28-2023"]
[Site "Chess.com"]
[Date "2023.11.28"]
[Round "6"]
[White "Korchmar_Vasiliy"]
[Black "Mourinho_Jose"]
[Result "1-0"]
[WhiteElo "2724"]
[BlackElo "2538"]
[TimeControl "180+1"]
[EndTime "9:14:43 PST"]
[Termination "Korchmar_Vasiliy won by resignation"]

1. e4 e5 2. Nf3 Nf6 3. Nc3 Bb4 4.
Nxe5 O-O 5. Bd3 Re8 6. Nf3 d5 7. e5 Bg4 8. O-O Rxe5 9. h3 Bxf3 10. Qxf3 Nc6 11. b3 Rg5 12. Bb2 Ne5 13. Qf4 Nxd3 14.
cxd3 Bxc3 15. Bxc3 Rg6 16. Rfe1 c6 17. Re3 h6 18. Rae1 Nh5 19. Qf3 Qh4 20. Re8+ Rxe8 21.
Rxe8+ Kh7 22. Qxf7 Nf6 23. Re7 Qg5 24. g3 Nh5 25.
Re8 Rd6 26. Qg8+ Kg6 27. Re6+ Rxe6 28. Qxe6+ Nf6 29. Qe5 Qxe5 30. Bxe5 Nd7 31. Bd4 a6 32. f4 Kf7 33. g4 c5 34. Be3 g6 35. Kf2 d4 36. Kf3 dxe3 37. dxe3 Ke6 38. h4 h5 39. gxh5 gxh5 40. e4 Nf6 41. Ke3 Ng4+ 42. Kf3 Kf6 43.
a3 b6 44. Ke2 Ke6 45. Kf3 Kd6 46. Ke2 Nh6 47. Kf3 a5 48. a4 Ng4 49. Ke2 Ke6 50. Kf3 Nf6 51. Ke3 Nd7 52. Kf3 Nb8 53.
Ke3 Nc6 54. Kd2 Nd4 55. Kc3 Ne2+ 56. Kc4 Nxf4 57. Kb5 Ng2 58. Kxb6 Nxh4 59. Kxa5 Ng6 60. Kb6 Ne7 61. Kc7 h4 62. a5 h3 63. a6 h2 64. a7 h1=Q 65. a8=Q c4 66. Qa6+ Kf7 67.
Qxc4+ Kf6 68. Qd4+ Kf7 69. Qc4+ Kf6 70. Qd4+ Kf7 71. b4 Qc1+ 72. Qc4+ Qxc4+ 73. dxc4 Ke6 74. b5 1-0

[Event "Early-Titled-Tuesday-Blitz-November-28-2023"]
[Site "Chess.com"]
[Date "2023.11.28"]
[Round "6"]
[White "Mouse-Sleep"]
[Black "EvgenyBurmakin"]
[Result "0-1"]
[WhiteElo "2556"]
[BlackElo "2415"]
[TimeControl "180+1"]
[EndTime "9:14:45 PST"]
[Termination "EvgenyBurmakin won by checkmate"]

1. Nf3 Nf6 2. c4 g6 3. Nc3 Bg7 4. e4 d6 5. d4 O-O 6. Be2 e5 7. Be3 Nc6 8. d5 Ne7 9. Nd2 Ne8 10. b4 f5 11. f3 Nf6 12. c5 h5 13. Nc4 fxe4 14.
fxe4 Ng4 15. Bg1 Bf6 16. Qd2 Kg7 17. cxd6 cxd6 18. Nb5 Ng8 19. Nbxd6 Bh4+ 20. g3 Bg5 21. Qb2 Qf6 22. h3 Nf2 23. Rh2 Nxh3 24. Be3 Bxe3 25. Nxc8 Bf2+ 26. Kd1 Raxc8 27. Rxh3 Bd4 28. Qb1 Qf2 29. Rh1 Nh6 30. a4 Ng4 31. Ra3 Rxc4 32. Bxc4 Ne3+ 33. Rxe3 Bxe3 34. Be2 Rc8 35. Rf1 Qxg3 36. d6 Rc1+ 37. Qxc1 Bxc1 38. d7 Qg5 39. d8=Q Qxd8+ 40. Kxc1 Qd4 41. Kc2 Qxe4+ 42. Bd3 Qxb4 43. Rb1 Qc5+ 44. Kd2 b6 45. Rc1 Qd4 46. Rc7+ Kh6 47.
Rc4 Qf2+ 48. Be2 h4 49. Rc3 Qd4+ 50. Rd3 Qxa4 51. Ke1 Qb4+ 52. Kf2 Qe4 53. Rh3 g5 54. Bd3 Qd4+ 55. Ke2 g4 56. Re3 Kg5 57. Re4 Qb2+ 58. Ke3 g3 59. Rc4 g2 60. Ke4 g1=Q 61. Kd5 Qgg2+ 62.
Be4 Qgd2+ 63. Ke6 Qb3 64. Bd5 Qxc4 65. Bxc4 Qd4 66. Bd5 e4 67. Bb3 e3 68. Bc4 Qxc4+ 69.
Kd6 e2 70. Ke7 e1=Q+ 71. Kf8 Qf4+ 72. Kg7 Qe7+ 73. Kh8 Qff8# 0-1

[Event "Early-Titled-Tuesday-Blitz-November-28-2023"]
[Site "Chess.com"]
[Date "2023.11.28"]
[Round "6"]
[White "LeoWin2012"]
[Black "stratacticos"]
[Result "1/2-1/2"]
[WhiteElo "2261"]
[BlackElo "1743"]
[TimeControl "180+1"]
[EndTime "9:14:52 PST"]
[Termination "Game drawn - timeout vs insufficient material"]

1. b3 e5 2. Bb2 d6 3. c4 f5 4. d4 e4 5. d5 Nf6 6. Nh3 Be7 7. Nf4 O-O 8. e3 c6 9. Nd2 a5 10. Nh5 Nxh5 11. Qxh5 Bf6 12. Bxf6 Qxf6 13. Qd1 a4 14. Be2 axb3 15. Nxb3 Na6 16. O-O Nc5 17. Nxc5 dxc5 18.
dxc6 Qxc6 19. Qd2 Be6 20. Rfd1 h6 21. Qd6 Qxd6 22. Rxd6 Ra6 23. Rxa6 bxa6 24. h4 Rd8 25. Bf1 Rd2 26. a4 g5 27. hxg5 hxg5 28. Rb1 f4 29. Rb6 Kf7 30. Rxa6 Rd1 31. Rc6 Bxc4 32. Rxc5 Bxf1 33.
Kh2 fxe3 34. fxe3 Rd2 35. Rxg5 Ke6 36. a5 Ra2 37. Kg1 Bd3 38. g4 Kf6 39. Rf5+ Kg6 40.
Re5 Kf6 41. Rf5+ Kg6 42. Rc5 Kf6 43. g5+ Kg6 44. Re5 Kh5 45. Rf5 Kg6 46. Rd5 Kh5 47. Kh1 Kg6 48. Rc5 Kh5 49. Kg1 Kg6 50. a6 Rxa6 51. Kf2 Ra2+ 52. Kg3 Re2 53. Kf4 Rf2+ 54. Ke5 Rf5+ 55. Kd4 Rxc5 56. Kxc5 Kxg5 57. Kd4 Kg4 58. Kc3 Kf3 59. Kd2 Kf2 60. Kd1 Kxe3 61.
Ke1 Kf3 62. Kd2 e3+ 63. Ke1 Bb5 64. Kd1 Kf2 65. Kc2 e2 66. Kc3 e1=Q+ 67. Kd4 Qe3+ 68. Kd5 Qf4 69. Kc5 Qf5+ 70. Kb4 Ke3 71. Kc3 Qc5+ 72.
Kb2 Kd2 73. Kb3 Qc4+ 74. Ka3 Qa4+ 75. Kb2 1/2-1/2

[Event "Early-Titled-Tuesday-Blitz-November-28-2023"]
[Site "Chess.com"]
[Date "2023.11.28"]
[Round "6"]
[White "brm72"]
[Black "tantaan"]
[Result "1-0"]
[WhiteElo "2529"]
[BlackElo "2346"]
[TimeControl "180+1"]
[EndTime "9:14:53 PST"]
[Termination "brm72 won by resignation"]

1. e4 c6 2. Nc3 d5 3. Nf3 Nf6 4. e5 Ne4 5. Ne2 Qb6 6. d4 c5 7.
c3 Nc6 8. Ng3 cxd4 9. Nxd4 Nxg3 10. hxg3 Nxe5 11. Bb5+ Bd7 12. Bxd7+ Nxd7 13. Qe2 e6 14. Be3 Qd8 15. O-O-O Be7 16. Qd3 Ne5 17. Qe2 a6 18. Bf4 Nc4 19. Rde1 Qb6 20. Nf5 Bf6 21. g4 g5 22. Bg3 Rc8 23. Kb1 Bxc3 24. Nd6+ Nxd6 25.
Bxd6 Qxd6 26. bxc3 Rxc3 27. Ka1 d4 28. Qb2 b5 29.
Rd1 Qc5 30. Qd2 e5 31. Rhe1 f6 32. g3 Rc2 33. Qd3 Qc3+ 34. Qxc3 Rxc3 35. f4 gxf4 36. gxf4 Rc5 37. fxe5 Rxe5 38. Rf1 Re4 39. Rxf6 Rxg4 40. Rxa6 h5 41. Rb6 O-O 42. Rxb5 h4 43. a4 Rf3 44.
Ka2 Rg2+ 45. Rb2 Rxb2+ 46. Kxb2 Rf2+ 47. Kb3 Rf5 48. Rxd4 h3 49. Rg4+ Kf7 50. Rh4 Rf3+ 51. Kb4 Ke7 52. Kb5 Kd7 53. Kb6 Rb3+ 54. Ka7 Kc6 55.
a5 Ra3 56. a6 Kb5 57. Rh5+ Kc6 58. Rh6+ Kb5 59. Kb7 h2 60. Rxh2 Rb3 61. a7 Ka5+ 62.
Kc8 Rc3+ 63. Kb8 Rb3+ 64. Ka8 Ka6 65. Rh6+ Ka5 66. Rh7 Ka6 67. Rg7 Rf3 68. Rg6+ Ka5 69. Kb7 Rf8 70. a8=Q+ Rxa8 71. Kxa8 1-0

[Event "Early-Titled-Tuesday-Blitz-November-28-2023"]
[Site "Chess.com"]
[Date "2023.11.28"]
[Round "6"]
[White "LiemLe"]
[Black "MightyGMpretender"]
[Result "1-0"]
[WhiteElo "3130"]
[BlackElo "2818"]
[TimeControl "180+1"]
[EndTime "9:14:56 PST"]
[Termination "LiemLe won by resignation"]

1. Nf3 Nf6 2. c4 c5 3. Nc3 d5 4. cxd5 Nxd5 5. e4 Nb4 6. Bc4 Nd3+ 7. Ke2 Nf4+ 8. Kf1 Nd3 9. Qe2 Nxc1 10. Rxc1 Nc6 11.
e5 e6 12. h4 a6 13. Qe3 b6 14. Qf4 Ra7 15. Rh3 Rd7 16. Ne4 Bb7 17. a3 Nd4 18. d3 Nxf3 19. Rxf3 b5 20. Ba2 Bxe4 21. Qxe4 Be7 22.
Bb1 O-O 23. d4 g6 24. dxc5 Bxc5 25. Rd3 Rxd3 26. Bxd3 Qb6 27. Rc2 Rd8 28. b4 Bf8 29.
g3 Rd4 30. Qe3 Qd8 31. Be2 h5 32. Kg2 Bg7 33. Rc6 Qd5+ 34. Qf3 Qxe5 35. Rxa6 Bf6 36.
Ra5 Rd5 37. Bxb5 Qd4 38. Bc6 Rxa5 39. bxa5 Kg7 40. a6 Bd8 41. Be8 Bf6 42. Qe3 Qd8 43.
Bc6 Bd4 44. Qd3 Qb6 45. Bf3 Bxf2 46. Qc3+ Bd4 47. Qb4 Qa7 48. a4 Bc5 49. Qb7 Bg1 50. Qxa7 Bxa7 51. Kf1 f5 52. Bc6 Kf6 53. Be8 e5 54.
Ke2 e4 55. Kf1 Bd4 56. Kg2 Ba7 57. Kf1 Bd4 58. Ke2 Ba7 59. Kd2 Kg7 60. Kc3 Kh6 61.
Bd7 Kg7 62. Kc4 Kf6 63. Be8 g5 64. Bxh5 gxh4 65. gxh4 f4 66. Bg4 f3 67. Kd5 f2 68.
Be2 e3 69. Ke4 Ke6 70. a5 Bc5 71. Kd3 Kd5 72. h5 Ke5 73. Kc4 Ba7 74. Kb5 Kd6 75. h6 Kc7 76. h7 Bd4 77. Kc4 Bh8 78. Kd5 Kb8 79. Ke6 Ka7 80. Kf7 Kb8 81. Kg8 1-0

[Event "Early-Titled-Tuesday-Blitz-November-28-2023"]
[Site "Chess.com"]
[Date "2023.11.28"]
[Round "6"]
[White "KNVB"]
[Black "FARIZA2018"]
[Result "0-1"]
[WhiteElo "2712"]
[BlackElo "2538"]
[TimeControl "180+1"]
[EndTime "9:14:56 PST"]
[Termination "FARIZA2018 won by checkmate"]

1. e4 e5 2. Nf3 Nf6 3. Nc3 Nc6 4. g4 Nxg4 5. Rg1 Nf6 6. d4 exd4 7. Nxd4 d6 8. Bc4 Nxd4 9. Qxd4 Be6 10. Bg5 Be7 11. O-O-O Bxc4 12. Qxc4 Qc8 13. Bxf6 Bxf6 14. Nd5 Kf8 15.
f4 Bd8 16. Qc3 Rg8 17. f5 c6 18. Nf4 Bf6 19. Qd3 Be5 20. Ne2 Qc7 21. Kb1 Rd8 22.
c3 Ke7 23. Qh3 h6 24. Qh4+ Bf6 25. Qh5 Qb6 26. Rge1 Rge8 27. Nf4 Kf8 28. Re2 Kg8 29. Qg4 Bxc3 30. Nh5 Kh8 31. f6 Bxf6 32. Nxf6 gxf6 33. Qf4 Kh7 34. Qf5+ Kg7 35. Rg2+ Kf8 36. Qxf6 Re6 37. Qh8+ Ke7 38. Qg7 Qe3 39. Rf1 Qxe4+ 40. Kc1 Rf8 41.
Qg3 Qe3+ 42. Qxe3 Rxe3 43. Rg4 d5 44. Kd2 Re4 45. Rg3 f5 46. Rg6 Rf6 47. Rg7+ Rf7 48.
Rxf7+ Kxf7 49. Rxf5+ Kg7 50. a3 Rd4+ 51. Kc3 Rh4 52.
Rf2 Kg6 53. b3 c5 54. a4 Rh3+ 55. Kc2 b6 56. Re2 Kf5 57. Re7 Rxh2+ 58. Kc3 Rh3+ 59. Kc2 d4 60. Rxa7 Ke4 61. Re7+ Kd5 62. Rb7 Kc6 63. Rf7 h5 64. Rf6+ Kc7 65. Rh6 h4 66. Rh7+ Kb8 67.
Rh6 Kb7 68. Kb2 Rh2+ 69. Ka3 h3 70. a5 bxa5 71. Ka4 d3 72. Rd6 Ra2+ 73. Kb5 d2 74. Rd7+ Kc8 75. Rh7 d1=Q 76. Kc6 Qf3+ 77. Kb6 Qf6+ 78.
Ka7 a4 79. b4 cxb4 80. Rb7 Qd4+ 81. Rb6 Kc7 82. Ka8 Kxb6 83. Kb8 Qd8# 0-1

[Event "Early-Titled-Tuesday-Blitz-November-28-2023"]
[Site "Chess.com"]
[Date "2023.11.28"]
[Round "6"]
[White "mbojan"]
[Black "DenisQ"]
[Result "1/2-1/2"]
[WhiteElo "2845"]
[BlackElo "2685"]
[TimeControl "180+1"]
[EndTime "9:14:58 PST"]
[Termination "Game drawn by 50-move rule"]

1. e4 c6 2. d4 d5 3. Nc3 dxe4 4. Nxe4 Bf5 5. Nc5 b6 6. Nb3 e6 7. Nf3 Nd7 8. g3 Bd6 9. Bg2 Ngf6 10. O-O O-O 11. Nbd2 Rc8 12. Nc4 Bb8 13. Re1 Be4 14. Ncd2 Bg6 15. Nc4 Be4 16. Bg5 Bd5 17. Nce5 b5 18. Nxd7 Qxd7 19. Bxf6 gxf6 20. Qd2 Kg7 21. Rad1 Rfd8 22. b3 c5 23. dxc5 Rxc5 24. Nh4 Qc6 25. c4 bxc4 26. bxc4 Rxc4 27. Nf5+ exf5 28. Bxd5 Qc5 29.
Qd3 Re4 30. Rxe4 fxe4 31. Qxe4 Be5 32. Kg2 h6 33. h4 Rd6 34. Rd3 Kf8 35. Bc4 Rxd3 36. Bxd3 Qd4 37. Qa8+ Kg7 38. Qf3 Bd6 39. Qf5 Bc5 40. a4 Kf8 41. Qc8+ Kg7 42. Qf5 Kf8 43. h5 a5 44. Bc2 Ke7 45. Bb3 Kf8 46. Qf3 Kg7 47. Qf5 Kf8 48. Bc2 Ke7 49. Qf3 Kf8 50. Qe2 Kg7 51. Bb3 Kf8 52. Qa2 Kg7 53.
Bxf7 Qe4+ 54. Kh2 Qf3 55. Bg6 Qxf2+ 56. Qxf2 Bxf2 57. Kg2 Bc5 58. Kf3 Bb4 59. Ke4 Bc3 60. g4 Bb4 61. Kd5 Ba3 62. Kc6 Bb4 63. Kb5 Bc3 64. Bf5 Bb4 65. Kc4 Bd2 66. Kd5 Bb4 67. Ke4 Bc3 68. Kf3 Bb4 69. Ke2 Bc3 70. Kd3 Bb4 71.
Kc4 Kf8 72. Kb5 Kg7 73. Ka6 Kf8 74. Ka7 Kg7 75. Ka8 Kf8 76. Kb8 Kg7 77. Kb7 Kf8 78. Kc7 Ke7 79. Kc8 Kd6 80. Kd8 Ke5 81. Ke8 Kf4 82.
Kf7 Kg5 83. Ke6 Bc3 84. Kd5 Bb4 85. Ke4 Bc3 86. Kd3 Bb4 87. Kc4 Ba3 88. Kc3 Bb4+ 89. Kb3 Kf4 90. Kc2 Kg5 91. Kd3 Kf4 92. Kd4 Kg5 93.
Kd5 Kf4 94. Kc6 Kg5 95. Kb7 Kf4 96. Kc8 Kg5 97. Kd7 Kf4 98. Ke6 Kg5 99. Kf7 Ba3 100. Kg7 Bb4 101. Kg8 Ba3 102. Kf7 Bb4 103. Ke8 Ba3 104. Kd8 Bb4 105. Kc7 Ba3 106. Kb6 Bb4 107. Kb5 Kf4 108. Kc4 Kg5 109. Kd5 Kf4 110. Kd4 1/2-1/2

[Event "Early-Titled-Tuesday-Blitz-November-28-2023"]
[Site "Chess.com"]
[Date "2023.11.28"]
[Round "6"]
[White "Aygehovit1992"]
[Black "liczner"]
[Result "0-1"]
[WhiteElo "2716"]
[BlackElo "2893"]
[TimeControl "180+1"]
[EndTime "9:15:02 PST"]
[Termination "liczner won by resignation"]

1. e4 c6 2. d4 d5 3. e5 Bf5 4.
Nf3 e6 5. Be2 Ne7 6. Nbd2 h6 7.
Nb3 Bh7 8. O-O Nd7 9. a4 Nf5 10. a5 a6 11. c4 dxc4 12. Bxc4 Be7 13. Bd2 O-O 14. Rc1 Rc8 15. Qe2 Kh8 16. Rfd1 Re8 17. Bd3 Nf8 18. Be4 Rc7 19. Nc5 Nd7 20. b4 Nxc5 21.
dxc5 Rd7 22. Bf4 Nd4 23. Nxd4 Rxd4 24. Bxh7 Kxh7 25. Be3 Rd5 26. f4 Qd7 27. Rxd5 exd5 28. Qd3+ g6 29. Rf1 f5 30. Bd4 Qe6 31. h3 Rf8 32.
Kh2 Kg7 33. Rg1 Kf7 34. g4 Ke8 35. gxf5 Rxf5 36. Qg3 g5 37. fxg5 Bxg5 38. Qg4 Kd7 39. h4 Be7 40. Rg3 Kc7 41. Kh3 h5 42. Qg8 Rf7+ 43.
Kg2 Qf5 44. Kh2 Bxh4 45. Rg7 Rxg7 46. Qxg7+ Qd7 47. e6 Qxg7 48. Bxg7 Kd8 49. Kh3 Be1 50.
Bf6+ Ke8 51. e7 Bxb4 52. Kh4 Bxc5 53. Kxh5 Bxe7 54. Be5 Kd7 55. Kg4 Ke6 56. Bc7 Bd6 57. Bb6 Ke5 58. Kf3 d4 59. Ke2 Kd5 60. Kd3 c5 61.
Kc2 c4 62. Kd2 Bc5 63. Bd8 Kc6 64. Kc2 Kb5 65. Kb2 d3 66. Kc3 Bb4+ 67. Kb2 Bxa5 68. Bg5 Bb6 69. Kc3 Bc5 70. Bc1 a5 71. Kb2 Bd4+ 72. Ka3 Ka6 73. Ka4 b5+ 74. Ka3 Kb6 75. Bh6 Kc6 76. Bg5 c3 77. Kb3 a4+ 78. Kb4 d2 0-1

[Event "Early-Titled-Tuesday-Blitz-November-28-2023"]
[Site "Chess.com"]
[Date "2023.11.28"]
[Round "6"]
[White "elchacal664"]
[Black "ArtemDyachuk"]
[Result "0-1"]
[WhiteElo "2339"]
[BlackElo "2516"]
[TimeControl "180+1"]
[EndTime "9:15:05 PST"]
[Termination "ArtemDyachuk won by resignation"]

1. e4 c5 2. c4 Nc6 3. Nf3 Nf6 4. Nc3 e6 5. g3 Be7 6. Bg2 O-O 7. O-O d6 8. b3 e5 9. h3 a6 10. d3 Rb8 11. a4 Nd4 12. Nxd4 cxd4 13. Ne2 b5 14. axb5 axb5 15. f4 Nd7 16. g4 bxc4 17. bxc4 Nc5 18. Ba3 exf4 19. Nxf4 Bf6 20. Nd5 Be5 21. Bxc5 dxc5 22.
Rb1 Be6 23. Rxb8 Qxb8 24. Qb1 Qd6 25. Qb6 Rb8 26. Qxd6 Bxd6 27. Bf3 Rb2 28. Rf2 Rb1+ 29. Rf1 Rb2 30. Rf2 Rb3 31. Be2 Rb1+ 32. Rf1 Rb2 33.
Rf2 h6 34. Bf1 Rb1 35. Kg2 Kf8 36. Be2 Be5 37. Rf1 Rb2 38. Rf2 Rb1 39. Rf1 Rb7 40. Bf3 g6 41. Be2 Rb2 42. Rf2 Rb1 43. Rf1 Rb2 44.
Rf2 Kg7 45. Bf3 Rb1 46. Rf1 Rb2+ 47. Rf2 Rb3 48. Be2 Ra3 49. Rf1 Kf8 50. Rf2 Ke8 51.
Rf1 Kd7 52. Rf2 Kd6 53. Rf1 Ra2 54. Rf2 Ra1 55. Rf1 Ra3 56. Rf2 Kc6 57. Rf1 Ra2 58. Rf2 Kb7 59. Bf3 Ra3 60. Rb2+ Kc8 61. Be2 h5 62. gxh5 gxh5 63. Nb6+ Kd8 64. Nd5 Ke8 65. h4 Kf8 66. Kf2 Kg7 67. Rb1 Ra2 68. Rg1+ Kf8 69.
Kf1 Bh3+ 70. Kf2 f6 71. Rb1 Bg4 72. Re1 Kf7 73. Kf1 Bh3+ 74. Kf2 Kg6 75. Rg1+ Bg4 76.
Kf1 Ra1+ 77. Kf2 Rxg1 78. Kxg1 Bxe2 79. Ne7+ Kf7 80. Nf5 Bxd3 81. Ng3 Bxg3 0-1

[Event "Early-Titled-Tuesday-Blitz-November-28-2023"]
[Site "Chess.com"]
[Date "2023.11.28"]
[Round "6"]
[White "GmSergioBarrientos"]
[Black "seopie"]
[Result "1-0"]
[WhiteElo "2728"]
[BlackElo "2862"]
[TimeControl "180+1"]
[EndTime "9:15:17 PST"]
[Termination "GmSergioBarrientos won by resignation"]

1. d4 Nf6 2. c4 e6 3. Nf3 d5 4.
g3 Bb4+ 5. Bd2 a5 6. Bg2 c6 7. O-O O-O 8. Qc2 Nbd7 9. a3 Be7 10. Bf4 b6 11. Nbd2 Ba6 12. Rfd1 Rc8 13. Rac1 Nh5 14. Be3 f5 15. Qb3 f4 16. gxf4 Nxf4 17. Bxf4 Rxf4 18. cxd5 cxd5 19. Qe3 Rf6 20. Bh3 Nf8 21.
Ne5 Rxc1 22. Rxc1 Bd6 23. Ndf3 Bb5 24. Kh1 Be8 25. Nc6 Qc7 26. Nce5 Qe7 27. Rc8 h6 28. Ra8 Bh5 29. Bg4 Bxg4 30. Nxg4 Rg6 31. Nge5 Rf6 32. Qd3 Qc7 33. Kg2 Qc1 34. Rd8 Qc7 35. Re8 Qc1 36. Nd7 Rf7 37. Nxf8 Bxf8 38. Rxe6 Qxb2 39. Re5 Qxa3 40. Qxa3 Bxa3 41. Rxd5 Rb7 42. Rb5 a4 43. Ne5 Bf8 44. Nc4 a3 45. Nxb6 a2 46. Ra5 Rxb6 47.
Rxa2 Rd6 48. e3 Kf7 49. Kf3 Be7 50. Ke4 Rf6 51. f4 Re6+ 52. Kd3 g6 53. e4 Rb6 54. e5 Rb1 55. Ke4 Re1+ 56. Kd5 Rf1 57. Ke4 Re1+ 58.
Kf3 Ke6 59. Ra6+ Kf5 60. Ra7 Bd8 61. Rf7+ Ke6 62. Rg7 g5 63. Rg8 Be7 64. Rg6+ Kf7 65.
Rxh6 Rf1+ 66. Ke2 Rxf4 67. Ke3 Rf1 68. d5 Re1+ 69. Kd4 Rd1+ 70. Ke4 Re1+ 71. Kd4 Rd1+ 72. Kc4 Re1 73. e6+ Kg7 74. Rh3 Kf6 75. Rh7 Bd6 76. Rd7 Ba3 77. Rf7+ Kg6 78. Rf3 Bd6 79. h3 Re4+ 80.
Kb5 Rf4 81. Re3 Rd4 82. Kc6 Bf8 83. e7 Bxe7 84. Rxe7 Rd3 85. d6 Rxh3 86. d7 Rc3+ 87. Kb7 Rd3 88. Kc7 Kf5 89. Rf7+ Ke4 90. Rf6 Rd4 91.
Rd6 1-0

[Event "Early-Titled-Tuesday-Blitz-November-28-2023"]
[Site "Chess.com"]
[Date "2023.11.28"]
[Round "6"]
[White "dropstoneDP"]
[Black "sokidze"]
[Result "1-0"]
[WhiteElo "2963"]
[BlackElo "2747"]
[TimeControl "180+1"]
[EndTime "9:15:18 PST"]
[Termination "dropstoneDP won on time"]

1. e4 c6 2. Nf3 d5 3. Nc3 dxe4 4.
Nxe4 Nf6 5. Qe2 Nxe4 6. Qxe4 Nd7 7. d4 Nf6 8. Qf4 Nd5 9. Qd2 Bf5 10. Bd3 Bxd3 11.
Qxd3 e6 12. O-O Be7 13. c4 Nf6 14. Bf4 O-O 15. Rad1 c5 16. Qe2 cxd4 17. Nxd4 Qa5 18. Qe5 Qxa2 19. Qb5 Rac8 20. Qxb7 Bc5 21. Qb3 Qxb3 22.
Nxb3 Be7 23. Nd2 Bb4 24. b3 Rfd8 25. Nf3 Ne4 26. Rxd8+ Rxd8 27. Be3 a5 28. Ne5 Rc8 29. Rd1 f6 30. Nd7 Nc3 31. Rd3 a4 32. bxa4 Nxa4 33. c5 Rc7 34. g3 Nxc5 35. Nxc5 Bxc5 36. Rc3 Bd6 37. Rxc7 Bxc7 38. Kg2 Kf7 39. g4 e5 40. h3 Ke6 41. Bc5 g6 42. f3 Bd6 43. Ba7 Kd5 44. Be3 Bc5 45. Bh6 Ke6 46. Kf1 g5 47. h4 Be7 48. h5 Kf7 49. Ke2 Ke6 50. Kd3 f5 51. Ke3 Bc5+ 52. Kd3 Kf6 53. Ke2 fxg4 54. fxg4 e4 55. Kd2 Bd4 56. Ke2 Bb6 57. Kd2 Bc5 58. Ke2 Be7 59. Ke3 Ke5 60. Bg7+ Kd5 61. Bh6 Bc5+ 62.
Ke2 Be7 63. Ke3 Bf6 64. Bf8 Bd4+ 65. Ke2 Be5 66. Be7 Bf4 67. Bf6 Ke6 68. Bd4 Kd6 69. Bg7 Kc6 70. Bf6 Kd5 71. Bg7 Be5 72. Bh6 Bf6 73. Ke3 Be7 74. Bg7 Bd6 75. Ke2 Be5 76. Bf8 Bd4 77. Be7 1-0

[Event "Early-Titled-Tuesday-Blitz-November-28-2023"]
[Site "Chess.com"]
[Date "2023.11.28"]
[Round "6"]
[White "FairChess_on_YouTube"]
[Black "baki83"]
[Result "0-1"]
[WhiteElo "3071"]
[BlackElo "2831"]
[TimeControl "180+1"]
[EndTime "9:15:19 PST"]
[Termination "baki83 won on time"]

1. d4 d5 2. c4 e6 3. Nf3 Nf6 4. Bg5 Be7 5. e3 h6 6. Bxf6 Bxf6 7. Qc2 c6 8. Nbd2 Nd7 9. h4 g6 10. Bd3 Bg7 11. O-O-O Qe7 12. Kb1 O-O 13. g4 e5 14.
cxd5 cxd5 15. dxe5 Nxe5 16. Nxe5 Qxe5 17. Nf3 Qf6 18. Nd4 Bxg4 19. Rdg1 Rac8 20. Qd2 h5 21. Rg3 Bh6 22. Bc2 Rfe8 23. Rhg1 Kh8 24. Rxg4 hxg4 25. Rxg4 Re5 26. a3 Rh5 27. Qb4 b6 28. f4 Rxh4 29. Rg1 Bg7 30. Qb5 Rh2 31. Bb3 Qe7 32. Qd3 Qe4 33.
Qxe4 dxe4 34. Bxf7 Bxd4 35. exd4 e3 36. Bxg6 Rc4 37.
Re1 Rh3 38. d5 Rxf4 39. d6 Rd4 40. d7 Rf3 41. Bh5 Rg3 42. Rd1 Rxd1+ 43. Bxd1 Rg8 44. Kc2 Rd8 45. Bg4 Kg7 46. Kd3 Kf6 47. Kxe3 Ke5 48.
Kd3 Kd5 49. Kc3 Kc5 50. Bf5 Kd5 51. Kb4 Kc6 52. Kc4 a5 53. Bg4 Rf8 54. Kb3 Kc7 55. Ka2 Rf4 56. Bh3 Rd4 57. Bf5 Kd8 58. Bh3 Ke7 59. Bf5 Kf6 60. Bh3 Ke5 61. Kb3 Kf6 62. Kc3 Rd6 63. Kc4 Ke7 64. Kb5 Rd3 65. Bg4 Rb3+ 66.
Kc6 Kd8 67. a4 Rxb2 68. Be6 Rb4 69. Bf5 Rxa4 70. Kxb6 Rf4 71. Bh3 a4 72. Kb5 a3 73.
Be6 Re4 74. Bb3 Kxd7 75. Kc5 Kc7 76. Bd5 Rf4 77. Bb3 Kd8 78. Kb5 Ke7 79. Kc5 Kf6 80. Bd5 Kg5 81. Bb3 Kh4 82. Kb5 Kg3 83. Bc4 Kf2 84. Kb4 Rxc4+ 85. Kxc4 a2 0-1

[Event "Early-Titled-Tuesday-Blitz-November-28-2023"]
[Site "Chess.com"]
[Date "2023.11.28"]
[Round "6"]
[White "defenceboy"]
[Black "Aradhya2000"]
[Result "1/2-1/2"]
[WhiteElo "2854"]
[BlackElo "2708"]
[TimeControl "180+1"]
[EndTime "9:15:24 PST"]
[Termination "Game drawn by repetition"]

1. d4 d5 2. c4 c6 3. Nf3 Nf6 4. e3 Bf5 5. Nc3 e6 6. Nh4 Bg6 7. Nxg6 hxg6 8. Bd2 Nbd7 9. g3 Be7 10. Bg2 dxc4 11.
O-O O-O 12. e4 b5 13. e5 Nd5 14. h4 N7b6 15. Ne4 Na4 16. Rb1 c5 17. b3 Nab6 18.
dxc5 Nd7 19. bxc4 bxc4 20. h5 Nxe5 21. hxg6 Nxg6 22. Qe2 c3 23. Nxc3 Nxc3 24. Bxc3 Bxc5 25. Bxa8 Qxa8 26. Rfe1 Rc8 27. Rbc1 Bb6 28. Qe4 Qxe4 29.
Rxe4 Rd8 30. Rc2 Rd3 31. Kg2 Kf8 32. a4 Rd5 33. Ra2 e5 34. a5 Bc7 35. Rc4 Rd7 36. a6 Ke8 37. Rb2 Ne7 38. Rb7 Nd5 39. Bd2 Bb6 40.
Rxd7 Kxd7 41. Kf3 f5 42. Be3 e4+ 43. Ke2 Bxe3 44. fxe3 Nc7 45. Rc5 g6 46. Ra5 Kc6 47. Kd2 Kb6 48. Re5 Kxa6 49. Re7 Kb6 50. Rg7 Kc6 51. Rxg6+ Kd5 52. Rf6 Ke5 53. Rf7 Nb5 54.
Rb7 a6 55. Rb6 Nd6 56. Rxa6 Nf7 57. Ke2 Ng5 58. Rg6 Ne6 59. Kd2 Nc5 60. Kc3 Nd3 61.
Rg8 Ne1 62. Re8+ Kf6 63. Rf8+ Ke5 64. Re8+ Kf6 65. Rd8 Ng2 66. Kd4 Kg5 67. Rg8+ Kf6 68. Rf8+ Kg5 69. Rg8+ Kf6 70. Ra8 Ne1 71. Ra6+ Kg5 72. Ra5 Nc2+ 73. Ke5 Nxe3 74. Ra8 Ng4+ 75. Kd4 Kf6 76. Rf8+ Ke6 77. Rg8 Kf6 78. Rf8+ Ke6 79.
Ra8 Kf6 80. Kd5 Ne3+ 81. Kd4 Ng4 1/2-1/2